 Dungeon Crawl Stone Soup version 0.26.1-2-gb8aa6d0cf2 (webtiles) character file.

Game seed: 14499140528463982682

623111 nightchill the Envoy of Void (level 27, -56/163 HPs)
             Began as a Formicid Abyssal Knight on Feb 12, 2021.
             Was a High Priest of Lugonu.
             Killed from afar by an orb of fire (109 damage)
             ... with a fireball
             ... on level 5 of the Realm of Zot on Feb 17, 2021.
             The game lasted 06:50:45 (115176 turns).

nightchill the Envoy of Void (FoAK)               Turns: 115176, Time: 06:50:45

Health: -56/163    AC:  0    Str: 29    XL:     27
Magic:  34/48      EV: 32    Int: 13    God:    Lugonu [*****.]
Gold:   1508       SH:  5    Dex: 13    Spells: 8/26 levels left

rFire    . . .     SeeInvis .   (weapon currently unavailable)
rCold    . . .     Faith    .   (shield currently unavailable)
rNeg     . . .     Spirit   .   (armour currently unavailable)
rPois    +         Reflect  +   (helmet unavailable)
rElec    .         Harm     .   (cloak currently unavailable)
rCorr    .         Rampage  .   (gloves currently unavailable)
Will     ++...                  (boots currently unavailable)
Stlth    +.........             U - amulet of Epnigoy {Reflect *Slow rPois MP+9 SH+5}
HPRegen  0.37/turn              (ring currently unavailable)
MPRegen  0.31/turn              (ring currently unavailable)

@: bat-form, flying, very slightly contaminated, very quick
A: tiny, permanent stasis, dig shafts and tunnels, four strong arms, clumsy 1,
frail 3
}: 4/15 runes: barnacled, silver, abyssal, gossamer
a: Stop Flying, Renounce Religion, Depart the Abyss, Bend Space, Banish,
Corrupt, Enter the Abyss


You were on level 5 of the Realm of Zot.
You worshipped Lugonu.
Lugonu was extremely pleased with you.
You were in bat-form.
You visited 10 branches of the dungeon, and saw 49 of its levels.
You visited the Abyss 4 times.

You collected 9327 gold pieces.
You spent 7819 gold pieces at shops.

Inventory:

Hand Weapons
 a - a +9 lajatang of flaming (melded)
 b - a +7 lajatang of flaming
Missiles
 m - 24 atropa-tipped darts
 n - 5 curare-tipped darts
 F - 10 datura-tipped darts
Armour
 e - a +8 tower shield (melded)
 o - a +2 pair of boots (melded)
 v - a +2 pair of gloves of strength (melded)
 G - a +2 chain mail of positive energy
 K - a +3 scale mail of fire resistance (melded)
 X - a +2 cloak (melded)
Jewellery
 f - the ring of Lekhluth (melded) {rF+ Will++ SInv}
   (You bought it in a shop on level 2 of the Elven Halls)

   [ring of protection from fire]

   It protects you from fire.
   It affects your willpower, your defense against some magical effects.
   It lets you see invisible.
 q - the ring "Luruoqef" (melded) {*Slow rElec rF+ Will+ AC+4}
   (You found it on level 4 of the Dungeon)

   [ring of protection]

   It affects your AC (+4).
   It protects you from fire.
   It insulates you from electricity.
   It affects your willpower, your defense against some magical effects.
   It may slow you when you take damage.
 t - an uncursed ring of protection from cold
 y - an uncursed ring of resist corrosion
 H - an uncursed ring of positive energy
 S - an uncursed ring of protection from fire
 U - the amulet of Epnigoy (around neck) {Reflect *Slow rPois MP+9 SH+5}
   (You took it off a kobold on level 10 of the Dungeon)

   [amulet of reflection]

   It shields you and reflects attacks.
   It protects you from poison.
   It affects your magic capacity (+9).
   It may slow you when you take damage.
   It affects your SH (+5).
Wands
 r - a wand of acid (38)
 s - a wand of paralysis (60)
 w - a wand of enslavement (37)
 I - a wand of disintegration (48)
 O - a wand of polymorph (57)
 Q - a wand of iceblast (28)
Scrolls
 d - 36 scrolls of remove curse
 g - 8 scrolls of fear
 p - 4 scrolls of magic mapping
 u - 4 scrolls of fog
 D - 14 scrolls of identify
 N - 7 scrolls of vulnerability
 W - 8 scrolls of silence
Potions
 c - a potion of cancellation
 j - 10 potions of brilliance
 l - 3 potions of invisibility
 x - 7 potions of lignification
 z - 6 potions of flight
 A - 8 potions of heal wounds
 B - 9 potions of magic
 C - 15 potions of curing
 E - 8 potions of mutation
 L - 6 potions of resistance
 M - 6 potions of might
Miscellaneous
 i - a phantom mirror (inert)
 k - a phial of floods
 R - a box of beasts
 V - a lightning rod (4/4)
 Z - a condenser vane


   Skills:
 + Level 22.8 Fighting
 - Level 6.2(10.8) Maces & Flails
 - Level 13.5(14.0) Staves
 - Level 17.0 Armour
 + Level 16.1 Dodging
 - Level 15.0 Shields
 - Level 4.0 Translocations
 - Level 17.0 Transmutations
 - Level 17.0 Earth Magic
 + Level 25.8 Invocations


You had 8 spell levels left.
You knew the following spells:

 Your Spells              Type           Power        Failure   Level
a - Apportation           Tloc           20%          6%          1
b - Passwall              Tmut/Erth      36%          1%          2
c - Petrify               Tmut/Erth      44%          1%          4
d - Statue Form           Tmut/Erth      29%          4%          6
e - Borgnjor's Vile Clut  Necr/Erth      11%          26%         5

Your spell library contained the following spells:

 Spells                   Type           Power        Failure   Level
 Sandblast                Erth           88%          1%          1
 Sting                    Tmut/Pois      88%          1%          1
 Lee's Rapid Deconstruct  Erth           22%          1%          5
 Stone Arrow              Conj/Erth      44%          2%          3
 Ignite Poison            Fire/Tmut/Pois 14%          10%         3
 Ice Form                 Ice/Tmut       22%          10%         4
 Leda's Liquefaction      Hex/Erth       11%          10%         4
 Gell's Gravitas          Tloc           5%           19%         3
 Dragon Form              Tmut           22%          24%         7
 Yara's Violent Unravell  Hex/Tmut       11%          26%         5
 Animate Skeleton         Necr           0%           30%         1
 Corona                   Hex            0%           30%         1
 Freeze                   Ice            0%           30%         1
 Magic Dart               Conj           0%           30%         1
 Shock                    Conj/Air       0%           30%         1
 Summon Small Mammal      Summ           0%           30%         1
 Portal Projectile        Hex/Tloc       10%          38%         3
 Call Imp                 Summ           0%           43%         2
 Ensorcelled Hibernation  Hex/Ice        0%           43%         2
 Poisonous Vapours        Pois/Air       0%           43%         2
 Searing Ray              Conj           0%           43%         2
 Slow                     Hex            0%           43%         2
 Passage of Golubria      Tloc           N/A          52%         4
 Bolt of Magma            Conj/Fire/Erth 7%           65%         5
 Confusing Touch          Hex            0%           67%         3
 Conjure Flame            Conj/Fire      0%           67%         3
 Dazzling Flash           Conj/Hex       0%           67%         3
 Frozen Ramparts          Ice            0%           67%         3
 Mephitic Cloud           Conj/Pois/Air  0%           67%         3
 Ozocubu's Armour         Ice            0%           67%         3
 Static Discharge         Conj/Air       0%           67%         3
 Tukima's Dance           Hex            0%           67%         3
 Iskenderun's Mystic Bla  Conj/Tloc      5%           80%         4
 Iron Shot                Conj/Erth      11%          82%         6
 Airstrike                Air            0%           97%         4
 Cause Fear               Hex            0%           97%         4
 Fulminant Prism          Conj/Hex       0%           97%         4
 Hailstorm                Conj/Ice       0%           97%         4
 Olgreb's Toxic Radiance  Pois           0%           97%         4
 Summon Ice Beast         Ice/Summ       0%           97%         4
 Summon Lightning Spire   Summ/Air       0%           97%         4
 Lightning Bolt           Conj/Air       0%           100%        5
 Metabolic Englaciation   Hex/Ice        0%           100%        5
 Silence                  Hex/Air        0%           100%        5
 Conjure Ball Lightning   Conj/Air       0%           100%        6
 Dispersal                Tloc           5%           100%        6
 Freezing Cloud           Conj/Ice/Air   0%           100%        6
 Invisibility             Hex            0%           100%        6
 Ozocubu's Refrigeration  Ice            0%           100%        6
 Shadow Creatures         Summ           N/A          100%        6
 Simulacrum               Ice/Necr       0%           100%        6
 Malign Gateway           Summ/Tloc      2%           100%        7
 Orb of Destruction       Conj           0%           100%        7
 Summon Hydra             Summ           0%           100%        7
 Chain Lightning          Conj/Air       0%           100%        8
 Discord                  Hex            0%           100%        8
 Disjunction              Tloc           5%           100%        8
 Ignition                 Fire           0%           100%        8
 Lehudib's Crystal Spear  Conj/Erth      11%          100%        8
 Absolute Zero            Ice            0%           100%        9
 Fire Storm               Conj/Fire      0%           100%        9
 Shatter                  Erth           22%          100%        9
 Tornado                  Air            0%           100%        9
 Blink                    Tloc           Unusable     N/A         2
 Swiftness                Air            Unusable     N/A         2

Dungeon Overview and Level Annotations

Branches:
Dungeon (15/15)            Temple (1/1) D:4            Lair (6/6) D:8
 Shoals (4/4) Lair:3       Spider (4/4) Lair:4        Slime (0/5) Lair:5
    Orc (2/2) D:12            Elf (2/3) Orc:2        Vaults (5/5) D:14
  Crypt (0/3) Vaults:3     Depths (5/5) D:15            Zot (5/5) Depths:5

Altars:
Ashenzari
Dithmenos
Fedhas
Gozag
Makhleb
Okawaru
Sif Muna
Trog
Yredelemnul
Beogh
Jiyva

Shops:
D:4 (   D:5 !   D:8 (   D:13 *   Orc:1 !   Orc:2 =[[(:   Elf:1 [   Elf:2 }==:
Shoals:2 !   Shoals:3 [   Vaults:1 [(*?   Vaults:2 *   Vaults:3 !!}*:
Vaults:4 [(   Depths:3 **

Portals:
Hell: Depths:1 Depths:2 Depths:3 Depths:4 Depths:5
Abyss: Depths:1 Depths:5
Pandemonium: Depths:1 Depths:2 Depths:3
Ziggurat: Depths:4

Annotations:
D:1 3 exclusions
D:2 exclusion: 3 upstairs
D:3 exclusions: downstairs and 1 more exclusion, Sigmund
D:4 exclusions: door and 2 upstairs
D:5 2 transporters, exclusion: 2 upstairs
D:6 exclusions: 2 downstairs and 2 upstairs
D:7 exclusions: downstairs and 2 upstairs
D:8 exclusions: 2 doors and 2 upstairs
D:9 exclusion: 2 upstairs
D:10 exclusion: upstairs
D:11 exclusion: downstairs
D:12 exclusion: 3 upstairs
D:13 exclusion: 3 upstairs
D:14 exclusions: downstairs and 3 upstairs, Roxanne
D:15 exclusion: 3 upstairs
Lair:2 exclusion: downstairs
Lair:3 exclusion: 4 oklob plants
Shoals:1 exclusion: downstairs
Shoals:2 corrupted, exclusion: 2 downstairs
Shoals:3 exclusion: 2 downstairs
Shoals:4 !tough entrances
Spider:2 exclusion: downstairs
Spider:4 corrupted
Orc:1 exclusion: 2 downstairs
Elf:2 5 runed translucent doors, 1 exclusion
Vaults:1 8 runed translucent doors, Forgeling's ghost, adept FeEn
Vaults:3 exclusions: downstairs and 1 more exclusion
Vaults:5 !danger, corrupted
Depths:1 1 runed translucent door, exclusions: downstairs and orange crystal statue
Depths:2 exclusion: 2 upstairs
Depths:3 2 runed translucent doors, exclusion: 3 upstairs, Ophixkez's ghost, veteran FoFi
Depths:4 exclusions: downstairs, 3 upstairs and 1 more exclusion
Depths:5 exclusions: door and 2 upstairs
Zot:1 1 transporter
Zot:2 exclusions: 2 downstairs, lightning spire and 2 upstairs
Zot:3 exclusion: downstairs
Zot:4 exclusion: 2 downstairs
Zot:5 !steady - dont forget to use abilities, corrupted
Abyss:1 Donald; Fannar; Sonja


Innate Abilities, Weirdness & Mutations

You cannot be hasted, slowed, berserked, paralysed or teleported.
You can dig through walls and to a lower floor.
Your four strong arms can wield two-handed weapons with a shield.
((You have a pair of large antennae on your head. (SInv)))
You are clumsy. (Dex -2)
((Armour fits poorly on your strangely shaped body.))
You are extremely frail. (-30% HP)


Message History

You feel less resistant to fire.
The Killer Klown blinks!
Okay, then.
You feel much better.
The orb of fire glows bright magenta.
The bolt of fire misses you. The Killer Klown completely misses you.
The Killer Klown blinks!
The orb of fire glows yellow.
The bolt of fire misses you.
The Killer Klown blinks!
The Killer Klown prods you with a +11 antimagic club!
You feel your power leaking away.
The orb of fire glows deep purple.
The bolt of fire hits you!
The orb of fire glows yellow.
The bolt of fire misses you.
The orb of fire glows yellow.
The fireball explodes!
The fireball engulfs you!!!!
Ouch! That really hurt!
You die...

...######.......########....#....
.................................
.................................
..^..............................
.........#####...................
.........####.........#.#.#.#.#.#
...............................<.
......................#.#.#.#.#.#
#.............p.b))).............
#...#.../........##...#.#.#.#.#.#
#...##...........##..........#...
▓▓▓########*########▓▓▓▓#########
*...............# ##........ *
*#^............#* ##......... **
#.............# ##^......... ,*
##...........## #........... ,*
#...........# #........p..


You could see an orb of fire and a Killer Klown.

Vanquished Creatures
  2 ancient liches
  An orb of fire (Zot:1)
  3 Killer Klowns
  4 curse toes
  Nikola (Shoals:3)
  8 golden dragons
  A bone dragon (Depths:5)
  9 liches
  4 electric golems
  Jorgrun (Shoals:1)
  22 tentacled monstrosities
  Asterion (Elf:1)
  9 Orb Guardians (Zot:5)
  5 titans
  6 quicksilver dragons
  7 death cobs
  3 sphinxes
  4 draconian monks
  Frances (Shoals:1)
  7 shadow dragons
  2 tengu reavers (Vaults:5)
  17 storm dragons
  Kirke (D:12)
  13 fire giants
  A fenstrider witch (shapeshifter) (D:14)
  10 frost giants
  A balrug (Depths:5)
  A deep elf sorcerer (Depths:4)
  8 draconian scorchers
  11 vault wardens
  6 ghost moths
  Aizul (Depths:2)
  7 draconian knights
  A ghoul (Vaults:4)
  6 draconian shifters
  An orc warlord (Vaults:1)
  A deep elf elementalist (Elf:2)
  11 emperor scorpions
  4 draconian stormcallers
  3 vampire knights
  19 very ugly things
  17 ironheart preservers
  6 draconian annihilators
  10 green draconians
  A spriggan defender (Depths:4)
  28 stone giants
  2 war gargoyles (Vaults:5)
  A juggernaut skeleton (Depths:1)
  14 black draconians
  11 purple draconians
  11 white draconians
  A dire elephant (Lair:6)
  10 spark wasps
  9 red draconians
  5 yellow draconians
  Azrael (D:14)
  2 deep elf death magi
  4 merfolk javelineers
  A blizzard demon (Depths:3)
  14 ettins
  3 jiangshi (Depths:2)
  11 merfolk impalers
  17 fire dragons
  A crystal guardian (Vaults:5)
  Josephine (D:11)
  14 great orbs of eyes
  20 yaktaur captains
  The ghost of Dikli the Blocker, a journeyman MiBe of Trog (Lair:3)
  16 vault guards
  3 deep elf high priests
  8 rakshasas
  3 catoblepae (Lair:6)
  3 boulder beetles
  12 ice dragons
  A caustic shrike simulacrum (Depths:1)
  4 hydras
  12 centaur warriors
  3 spriggan air magi
  4 alligator snapping turtles
  5 merfolk aquamancers
  A merfolk avatar (Shoals:3)
  A death knight (Vaults:4)
  14 dancing weapons
  63 two-headed ogres
  10 deep troll shamans
  3 vampire magi
  9 deep troll earth magi
  6 death yaks
  5 spriggan berserkers
  3 tengu warriors
  25 ogre magi
  16 deep elf knights
  Nergalle (D:10)
  A wretched star (Abyss:1)
  2 sixfirhies (Depths:3)
  A goliath frog (shapeshifter) (Depths:3)
  A spatial maelstrom (Abyss:1)
  5 hell knights
  4 iron trolls
  A shadow wraith (Vaults:4)
  A fire crab (shapeshifter) (Vaults:3)
  A sea snake (shapeshifter) (Depths:4)
  11 sea snakes
  A gelid demonspawn (Depths:3)
  2 unseen horrors
  2 flayed ghosts
  A salamander mystic (Depths:5)
  9 wizards
  20 deep elf archers
  31 deep trolls
  5 glowing orange brains
  A swamp dragon (shapeshifter) (Depths:5)
  16 ironbrand convokers
  20 orc knights
  2 phantasmal warriors (Vaults:5)
  2 lindwurms (Lair:6)
  28 harpies
  An infernal demonspawn (Depths:3)
  A sphinx zombie (Depths:2)
  2 wolf spider zombies
  A harpy (shapeshifter) (Depths:3)
  A spectral wolf spider (Spider:4)
  6 necromancers
  Pikel (D:3)
  57 deep elf magi
  6 fauns
  16 wolf spiders
  2 orc sorcerers
  A fire giant zombie (Depths:1)
  34 ugly things
  A frost giant zombie (Depths:2)
  12 orb spiders
  An orb spider (shapeshifter) (Depths:5)
  2 salamanders (Depths:5)
  9 cyclopes
  12 manticores
  A faun (shapeshifter) (Vaults:5)
  9 elephants
  15 moths of wrath
  2 black mambas
  7 water nymphs
  14 vault sentinels
  8 merfolk sirens
  8 cane toads
  A torpor snail (Spider:4)
  4 centaur skeletons
  A spriggan skeleton (Depths:2)
  A rime drake (shapeshifter) (Depths:2)
  A spectral redback (Spider:4)
  A smoke demon (Depths:1)
  A spriggan zombie (Depths:1)
  3 rime drakes
  10 komodo dragons
  33 yaktaurs
  An efreet (D:14)
  A redback zombie (D:15)
  6 freezing wraiths
  A hellwing (Depths:1)
  An ancient zyme (Abyss:2)
  2 tengu conjurers (Depths:3)
  5 red devils
  4 wind drakes
  7 demonic crawlers
  11 trolls
  A meliai (shapeshifter) (Depths:1)
  2 queen bees (shapeshifter)
  2 polar bears
  4 meliai
  A troll (shapeshifter) (Vaults:3)
  A tarantella zombie (Spider:4)
  A jumping spider zombie (Spider:4)
  4 hornets
  A tengu simulacrum (Vaults:4)
  2 dream sheep (Shoals:3)
  A dream sheep (shapeshifter) (Vaults:3)
  42 merfolk
  An ettin zombie (Vaults:4)
  25 jumping spiders
  A human simulacrum (Vaults:4)
  3 spectral tarantellas (Spider:4)
  16 blink frogs
  12 snapping turtles
  A stone giant simulacrum (Vaults:2)
  2 large abominations
  A fire giant simulacrum (Depths:2)
  35 slime creatures
  27 tarantellas
  2 shadows
  52 redbacks
  A redback (shapeshifter) (Depths:4)
  A yak (shapeshifter) (Vaults:1)
  6 vampires
  6 wraiths
  8 wyverns
  37 yaks
  22 water elementals
  A hog (D:12)
  6 fire bats (Abyss:3)
  5 basilisks
  5 fire elementals
  5 chaos spawn (Abyss:3)
  11 vampire mosquitoes
  Menkaure (D:7)
  A warg (shapeshifter) (Vaults:3)
  10 wargs
  A soldier ant (shapeshifter) (Vaults:4)
  An acid dragon (D:11)
  13 water moccasins
  3 hell hounds (D:14)
  2 floating eyes (shapeshifter)
  39 orc warriors
  2 hornet zombies (Spider:4)
  4 phantoms
  An ice beast (shapeshifter) (Depths:1)
  54 ogres
  5 sky beasts
  10 wolves
  3 black bears
  An eye of draining (D:13)
  A necrophage (D:9)
  2 ice beasts
  3 boggarts (Vaults:1)
  13 centaurs
  A big kobold (D:10)
  2 lemures (D:3)
  18 bullfrogs
  4 earth elementals
  2 human skeletons (Vaults:4)
  A wyvern zombie (D:10)
  A water moccasin zombie (D:8)
  4 scorpions
  A wyvern skeleton (D:13)
  19 killer bees
  9 wights
  4 electric eels
  3 howler monkeys
  4 lava snakes (D:10)
  11 crimson imps
  2 bullfrog zombies
  6 centaur zombies
  3 quasits
  3 bullfrog skeletons
  19 orc priests
  39 orc wizards
  10 hounds
  9 jellies
  Jessica (D:2)
  6 iguanas
  9 worker ants
  4 hell rats (Lair:6)
  A killer bee zombie (D:10)
  A hound zombie (D:7)
  A hound skeleton (D:7)
  4 worker ant zombies
  Robin (D:3)
  A howler monkey skeleton (D:5)
  6 adders
  6 gnolls
  3 shadow imps
  8 white imps
  2 adder zombies
  An adder skeleton (D:4)
  3 worms
  5 leopard geckos
  116 orcs
  4 giant cockroaches
  19 goblins
  13 hobgoblins
  4 jackals (D:5)
  11 kobolds
  7 quokkas
  A ball python skeleton (D:4)
  9 bats
  7 frilled lizards
  A jackal skeleton (D:5)
  A leopard gecko zombie (D:5)
  A quokka skeleton (D:4)
  7 rats
  6 crawling corpses (Vaults:5)
2133 creatures vanquished.

Vanquished Creatures (collateral kills)
  An orb of fire (Zot:5)
1 creature vanquished.

Vanquished Creatures (others)
  Mara (Shoals:2)
  An orb of fire (Zot:5)
  A golden dragon (Zot:5)
  2 tentacled monstrosities (Zot:5)
  2 quicksilver dragons (Zot:5)
  A fire giant (Vaults:5)
  A deep elf sorcerer (Vaults:5)
  A frost giant (Vaults:5)
  A vault warden (Vaults:5)
  An iron dragon (Vaults:5)
  2 draconian scorchers (Zot:5)
  An ironheart preserver (Vaults:5)
  A draconian annihilator (Zot:5)
  A stone giant (Vaults:5)
  3 very ugly things (Vaults:5)
  3 green draconians (Zot:5)
  A purple draconian (Zot:5)
  A red draconian (Zot:5)
  A yellow draconian (Zot:5)
  2 white draconians (Zot:5)
  3 ettins (Vaults:5)
  A deep elf death mage (Vaults:5)
  A merfolk impaler (Shoals:4)
  A yaktaur captain (Vaults:5)
  A deep elf high priest (Vaults:5)
  18 vault guards (Vaults:5)
  A two-headed ogre (Vaults:5)
  8 death scarabs (Spider:4)
  A hell knight (Vaults:5)
  2 deep trolls (Vaults:5)
  A wizard (Vaults:2)
  A sea snake (Shoals:2)
  2 spectral wolf spiders (Spider:4)
  2 wolf spider zombies (Spider:4)
  An ironbrand convoker (Vaults:5)
  3 harpies (Vaults:5)
  2 ugly things (Vaults:5)
  A deep elf mage (Vaults:5)
  A manticore (Shoals:1)
  2 moths of wrath (Zot:5)
  A vault sentinel (Vaults:5)
  11 yaktaurs (Vaults:5)
  3 spectral tarantellas (Spider:4)
  A hornet (Vaults:5)
  A spectral jumping spider (Spider:4)
  A tarantella zombie (Spider:4)
  A jumping spider zombie (Spider:4)
  2 spatial vortices (Spider:4)
  A chaos spawn (Abyss:3)
  2 hornet zombies
  A boggart (Vaults:1)
  2 ogres (Vaults:5)
  An orc (Vaults:5)
  2 crawling corpses (Vaults:5)
  65 fungi
  162 plants
  18 starspawn tentacles
  7 tentacles (Shoals:2)
363 creatures vanquished.

Grand Total: 2497 creatures vanquished

Notes
Turn   | Place    | Note
-------+----------+-------------------------------------------
     0 | Abyss:1  | nightchill the Formicid Abyssal Knight began the quest for
                  | the Orb.
     0 | Abyss:1  | Reached XP level 1. HP: 18/18 MP: 2/2
    38 | Abyss:1  | Noticed a chaos spawn
    42 | Abyss:1  | Noticed a neqoxec
    44 | Abyss:1  | Noticed an iron imp
    44 | Abyss:1  | Noticed a small abomination
    46 | Abyss:1  | Noticed a hellwing
    50 | Abyss:1  | Noticed a crimson imp
    53 | Abyss:1  | Noticed a smoke demon
    54 | D:1      | Escaped the Abyss
   268 | D:1      | Reached XP level 2. HP: 23/24 MP: 3/3
   427 | D:1      | Reached * piety under Lugonu
  1103 | D:2      | Found a shadowy altar of Dithmenos.
  1136 | D:2      | Reached XP level 3. HP: 22/29 MP: 4/4
  1226 | D:2      | Noticed Jessica
  1232 | D:2      | Killed Jessica
  1233 | D:2      | Reached skill level 3 in Invocations
  1233 | D:2      | Reached XP level 4. HP: 33/37 MP: 4/6
  3051 | D:3      | Noticed Sigmund
  3178 | D:4      | Reached XP level 5. HP: 38/42 MP: 7/7
  3410 | D:4      | Noticed a lemure
  3410 | D:4      | Noticed Pikel
  3446 | D:3      | Killed a lemure
  3488 | D:4      | Noticed a lemure
  3517 | D:3      | Killed a lemure
  3771 | D:4      | Noticed a lemure
  3798 | D:3      | Killed Pikel
  3799 | D:3      | Reached skill level 5 in Fighting
  3799 | D:3      | Reached skill level 5 in Maces & Flails
  3799 | D:3      | Reached skill level 4 in Invocations
  3799 | D:3      | Reached XP level 6. HP: 5/51 MP: 7/9
  3799 | D:3      | Reached XP level 7. HP: 5/56 MP: 7/10
  4110 | D:3      | Reached skill level 5 in Invocations
  4183 | D:4      | Got a warped bone ring
  4195 | D:4      | Found Jodeosch's Antique Weapon Emporium.
  4468 | D:3      | Reached XP level 8. HP: 33/63 MP: 10/12
  4771 | D:4      | Reached skill level 1 in Staves
  5233 | D:4      | Reached ** piety under Lugonu
  5423 | D:4      | Reached skill level 6 in Invocations
  5689 | D:4      | Noticed Robin
  5738 | D:3      | Killed Robin
  6281 | D:4      | Found a staircase to the Ecumenical Temple.
  6292 | Temple   | Entered the Ecumenical Temple
  6332 | D:5      | Entered Level 5 of the Dungeon
  6385 | D:5      | You fall into a shaft and drop 1 floor!
  6603 | D:6      | Reached XP level 9. HP: 41/71 MP: 13/13
  7110 | D:6      | Found an iron altar of Okawaru.
  7214 | D:6      | Found a blossoming altar of Fedhas.
  7214 | D:6      | Found a bloodstained altar of Trog.
  7620 | D:6      | Reached skill level 5 in Staves
  7626 | D:6      | Reached skill level 7 in Invocations
  8327 | D:6      | Got a pair of glimmering boots
  8861 | D:5      | Reached *** piety under Lugonu
  9693 | D:5      | Found Zytuch's Distillery.
  9838 | D:5      | Found a transporter.
 10418 | D:5      | Found a transporter.
 10760 | D:6      | Found a burning altar of Makhleb.
 10911 | D:7      | Noticed Menkaure
 10919 | D:7      | Killed Menkaure
 11121 | D:6      | Identified the cursed +0 pair of boots of Kiaggoir {Harm}
                  | (You found it on level 6 of the Dungeon)
 11132 | D:6      | Identified the ring "Luruoqef" {*Slow rElec rF+ Will+ AC+4}
                  | (You found it on level 4 of the Dungeon)
 11479 | D:7      | Reached skill level 8 in Invocations
 11479 | D:7      | Reached XP level 10. HP: 48/80 MP: 14/16
 11683 | D:7      | Found a basalt altar of Yredelemnul.
 11863 | D:4      | Bought a lajatang for 315 gold pieces
 12945 | D:8      | Found a bloodstained altar of Trog.
 13051 | D:8      | Reached **** piety under Lugonu
 13705 | D:8      | Found a staircase to the Lair.
 13796 | D:8      | Reached skill level 9 in Invocations
 14119 | D:8      | Found Ikecufu's Weapon Emporium.
 15653 | D:9      | Reached XP level 11. HP: 82/89 MP: 18/18
 16249 | Lair:1   | Entered Level 1 of the Lair of Beasts
 16465 | Lair:1   | Reached skill level 10 in Invocations
 16484 | D:8      | Reached skill level 10 in Staves
 17131 | Lair:1   | Reached skill level 10 in Fighting
 17245 | Lair:1   | Noticed a four-headed hydra
 17268 | Lair:1   | Killed a four-headed hydra
 18155 | Lair:1   | Reached skill level 11 in Invocations
 18155 | Lair:1   | Reached XP level 12. HP: 98/98 MP: 20/20
 19577 | Lair:3   | Found a staircase to the Shoals.
 19989 | Lair:3   | Found a runed translucent gate.
 19989 | Lair:3   | Found a runed translucent gate.
 19989 | Lair:3   | Found a runed translucent gate.
 20321 | Lair:3   | Noticed Dikli's ghost (journeyman MiBe)
 20812 | Lair:3   | Found a viscous altar of Jiyva.
 21433 | Lair:4   | Reached skill level 12 in Invocations
 21834 | Lair:4   | Found a hole to the Spider Nest.
 21834 | Lair:4   | Noticed a four-headed hydra
 21840 | Lair:4   | Banished a four-headed hydra
 22220 | Lair:5   | Reached XP level 13. HP: 99/106 MP: 22/22
 23028 | Lair:5   | Found a staircase to the Slime Pits.
 23185 | Lair:5   | Noticed a seven-headed hydra
 23191 | Lair:5   | Banished a seven-headed hydra
 23900 | D:10     | Entered Level 10 of the Dungeon
 23921 | D:10     | Reached skill level 1 in Dodging
 24214 | D:10     | Found a burning altar of Makhleb.
 24237 | D:10     | Noticed a boulder beetle
 24353 | D:10     | Noticed Nergalle
 24368 | D:10     | Killed Nergalle
 24414 | D:10     | Reached skill level 13 in Invocations
 25033 | D:10     | Identified the amulet of Epnigoy {Reflect *Slow rPois MP+9
                  | SH+5}
 25515 | D:10     | Banished a boulder beetle
 25581 | D:10     | Noticed Fannar
 25583 | D:10     | Banished Fannar
 26059 | D:11     | Got a bone quarterstaff
 26062 | D:11     | Identified the +11 quarterstaff "Beastslayer" {vorpal, rN+
                  | Int+5} (You found it on level 11 of the Dungeon)
 26789 | D:11     | Identified Sif Muna's Incunabulum of Combed Thunderclap
 26837 | D:11     | Identified Ts'ui Pên's Catalogue of Forking Paths
 26846 | D:11     | Identified Vuokha's Almanac of Sand
 27323 | D:12     | Noticed a centaur warrior
 27333 | D:11     | Killed a centaur warrior
 27405 | D:12     | Noticed a seven-headed hydra
 27408 | D:12     | Banished a seven-headed hydra
 27410 | D:12     | Noticed a boulder beetle
 27413 | D:12     | Banished a boulder beetle
 27414 | D:12     | Reached XP level 14. HP: 116/116 MP: 21/24
 27454 | D:12     | Reached skill level 14 in Invocations
 27738 | D:12     | Reached skill level 5 in Armour
 28065 | D:12     | Noticed Kirke
 28084 | D:12     | Killed Kirke
 28698 | D:12     | Noticed Josephine
 28718 | D:11     | Killed Josephine
 28928 | D:12     | Found a staircase to the Orcish Mines.
 29139 | D:13     | Reached skill level 15 in Invocations
 29470 | D:13     | Found Wyemn's Assorted Antiques.
 29541 | D:13     | Reached skill level 5 in Dodging
 30229 | D:14     | Noticed Azrael
 30702 | Orc:1    | Entered Level 1 of the Orcish Mines
 31304 | Orc:1    | Found Fippis's Distillery.
 31523 | Orc:2    | Entered Level 2 of the Orcish Mines
 31523 | Orc:2    | Found a roughly hewn altar of Beogh.
 32128 | Orc:1    | Reached ***** piety under Lugonu
 32274 | Orc:1    | Reached XP level 15. HP: 112/124 MP: 26/26
 32607 | Orc:2    | Found Jeaqey's Antique Armour Boutique.
 32951 | Orc:2    | Found a staircase to the Elven Halls.
 33125 | Orc:1    | Reached skill level 16 in Invocations
 33346 | Orc:2    | Found Beufar's Jewellery Shoppe.
 33346 | Orc:2    | Found Gekhlin's Armour Boutique.
 33346 | Orc:2    | Found Byfaegis's Antique Weapon Emporium.
 33837 | Orc:2    | Found Peiploz's Book Shop.
 34150 | Orc:2    | Bought a cursed +0 buckler for 59 gold pieces
 34284 | Orc:1    | Bought a potion of heal wounds for 75 gold pieces
 34284 | Orc:1    | Bought a potion of heal wounds for 75 gold pieces
 34516 | Lair:6   | Entered Level 6 of the Lair of Beasts
 34621 | Lair:6   | Reached skill level 1 in Shields
 35375 | Lair:6   | Noticed Sonja
 35391 | Lair:6   | Cast into level 1 of the Abyss (Sonja)
 35408 | Lair:6   | Escaped the Abyss
 35416 | Lair:6   | Banished Sonja
 36360 | Lair:6   | Reached skill level 17 in Invocations
 36469 | Lair:6   | Reached XP level 16. HP: 96/133 MP: 28/28
 38289 | D:14     | Noticed a fenstrider witch
 38301 | D:14     | Killed a fenstrider witch
 38741 | D:14     | Identified Roxanne's Papyrus of Transmigration
 38741 | D:14     | Noticed Roxanne
 39526 | D:14     | Found a gate to the Vaults.
 39885 | D:14     | Killed Azrael
 40339 | D:15     | Entered Level 15 of the Dungeon
 40596 | D:14     | Reached skill level 18 in Invocations
 40610 | D:14     | Reached skill level 5 in Shields
 41992 | D:15     | Reached skill level 15 in Fighting
 42233 | D:15     | Reached XP level 17. HP: 142/142 MP: 30/30
 42642 | Shoals:1 | Entered Level 1 of the Shoals
 43564 | Elf:1    | Entered Level 1 of the Elven Halls
 43717 | Elf:1    | Noticed Asterion
 43744 | Elf:1    | Killed Asterion
 44177 | Elf:1    | Reached skill level 10 in Armour
 45184 | Orc:2    | Identified a scroll of acquirement
 45185 | Orc:2    | Acquired a +3 lajatang of pain
 45191 | Orc:2    | Learned a level 1 spell: Apportation
 45391 | D:5      | Bought a potion of invisibility for 112 gold pieces
 45677 | Orc:2    | Bought a pair of embroidered gloves for 202 gold pieces
 45688 | Orc:2    | Bought a spiked scale mail for 243 gold pieces
 45688 | Orc:2    | Identified the +3 scale mail of Complete Protection
                  | {*Corrode rPois Dex+2} (You bought it in a shop on level 2
                  | of the Orcish Mines)
 45965 | Spider:1 | Entered Level 1 of the Spider Nest
 46122 | Spider:1 | Reached ****** piety under Lugonu
 46152 | Spider:1 | Identified a +5 lajatang of distortion (a +3 lajatang of
                  | pain corrupted by Lugonu)
 46152 | Spider:1 | Received a gift from Lugonu
 46227 | Spider:1 | Noticed Donald
 46996 | Spider:1 | Banished Donald
 49464 | Spider:3 | Reached skill level 10 in Shields
 50041 | Spider:3 | Learned a level 2 spell: Passwall
 50204 | Spider:3 | Reached XP level 18. HP: 141/149 MP: 31/31
 50336 | Spider:3 | Reached skill level 1 in Earth Magic
 50345 | Spider:3 | Reached skill level 1 in Transmutations
 51041 | Shoals:1 | Reached skill level 19 in Invocations
 51205 | Shoals:1 | Noticed Frances
 51218 | Shoals:1 | Killed Frances
 52139 | Shoals:1 | Noticed Jorgrun
 52150 | Shoals:1 | Killed Jorgrun
 53109 | Shoals:2 | Found Buutiegh's Distillery.
 54107 | Shoals:2 | Noticed a kraken
 54144 | Shoals:2 | Banished a kraken
 54145 | Shoals:2 | Reached skill level 5 in Earth Magic
 54337 | Shoals:3 | Noticed Nikola
 54562 | Shoals:3 | Noticed Mara
 54680 | Shoals:3 | Found Tuanekou's Armour Shop.
 55366 | Shoals:2 | Reached skill level 5 in Transmutations
 55521 | Shoals:2 | Corrupted Shoals:2
 55522 | Shoals:2 | Noticed a bone dragon
 55525 | Shoals:2 | Noticed a bone dragon
 55527 | Shoals:2 | Killed Mara
 56442 | Shoals:3 | Reached XP level 19. HP: 143/157 MP: 32/32
 56639 | Shoals:3 | Killed Nikola
 58061 | Elf:1    | Found Ludeqogh's Antique Armour Shoppe.
 59096 | Elf:2    | Found Caavaemp's Gadget Shop.
 59097 | Elf:2    | Found Laotouna's Jewellery Emporium.
 59097 | Elf:2    | Found Unuvemae's Jewellery Emporium.
 59108 | Elf:2    | Bought the ring of Lekhluth {rF+ Will++ SInv} for 669 gold
                  | pieces
 59473 | Elf:2    | Found Cots's Book Emporium.
 59822 | Elf:2    | Found a huge runed translucent gate.
 59824 | Elf:2    | Found a huge runed translucent gate.
 59829 | Elf:2    | Found a huge runed translucent gate.
 60212 | Elf:2    | Found a huge runed translucent gate.
 60214 | Elf:2    | Found a huge runed translucent gate.
 60704 | Spider:4 | Entered Level 4 of the Spider Nest
 60718 | Spider:4 | Learned a level 4 spell: Petrify
 62154 | Spider:4 | Reached XP level 20. HP: 157/165 MP: 0/33
 63357 | Spider:4 | Corrupted Spider:4
 63624 | Spider:4 | Got a gossamer rune of Zot
 64371 | Shoals:4 | Entered Level 4 of the Shoals
 65422 | Vaults:1 | Entered Level 1 of the Vaults
 65503 | Vaults:1 | Found a large runed translucent door.
 65503 | Vaults:1 | Found a large runed translucent door.
 65503 | Vaults:1 | Found a large runed translucent door.
 65503 | Vaults:1 | Found a large runed translucent door.
 65503 | Vaults:1 | Found a large runed translucent door.
 65503 | Vaults:1 | Found a large runed translucent door.
 65503 | Vaults:1 | Noticed Forgeling's ghost (adept FeEn)
 65504 | Vaults:1 | Found a large runed translucent door.
 65504 | Vaults:1 | Found a large runed translucent door.
 65539 | Vaults:1 | Reached skill level 1 in Translocations
 66046 | Vaults:1 | Found Gozag's Antique Weapon Shoppe.
 66083 | Vaults:1 | Found an opulent altar of Gozag.
 66111 | Vaults:1 | Reached skill level 10 in Dodging
 66240 | Vaults:1 | Found Gozag's Antique Armour Emporium.
 66243 | Vaults:1 | Found Gozag's Assorted Antiques.
 67064 | Vaults:1 | Reached skill level 20 in Invocations
 67219 | Vaults:1 | Reached XP level 21. HP: 172/172 MP: 35/35
 67582 | Vaults:1 | Got an agate-encrusted chain mail
 67624 | Vaults:1 | Found Baxeak's Magic Scroll Emporium.
 68099 | Vaults:1 | Identified the cursed +1 chain mail of Vehumet's Envy
                  | {Str+2} (You found it on level 1 of the Vaults)
 69388 | Vaults:2 | Reached skill level 15 in Shields
 69598 | Vaults:2 | Found Vyhydeme's General Store.
 70556 | Vaults:3 | Found Byassuh's Distillery.
 70566 | Vaults:3 | Bought a potion of might for 56 gold pieces
 70566 | Vaults:3 | Bought 2 potions of heal wounds for 140 gold pieces
 70566 | Vaults:3 | Bought 2 potions of might for 112 gold pieces
 70566 | Vaults:3 | Bought a potion of heal wounds for 70 gold pieces
 70566 | Vaults:3 | Bought a potion of heal wounds for 70 gold pieces
 70898 | Vaults:3 | Reached skill level 15 in Armour
 70993 | Vaults:3 | Reached XP level 22. HP: 182/182 MP: 36/36
 71088 | Vaults:3 | Found Soerph's Gadget Emporium.
 71095 | Vaults:3 | Found Gotaf's General Store.
 71110 | Vaults:3 | Bought a potion of heal wounds for 95 gold pieces
 71488 | Vaults:3 | Found a staircase to the Crypt.
 71604 | Vaults:3 | Found Hudwalat's Distillery.
 71607 | Vaults:3 | Bought a potion of heal wounds for 55 gold pieces
 71607 | Vaults:3 | Bought 2 potions of heal wounds for 110 gold pieces
 71896 | Vaults:3 | Found Dooxtiu's Book Shoppe.
 71902 | Vaults:3 | Bought a book of the Earth for 1300 gold pieces
 71909 | Vaults:3 | Learned a level 6 spell: Statue Form
 73503 | Vaults:4 | Found Dustryh's Antique Armour Shop.
 73649 | Vaults:4 | Reached skill level 10 in Earth Magic
 74287 | Vaults:4 | Noticed a golden dragon
 74326 | Vaults:3 | Killed a golden dragon
 74612 | Vaults:4 | Found Nyry's Antique Weapon Boutique.
 75289 | Vaults:4 | Reached skill level 10 in Transmutations
 75647 | Vaults:4 | Reached XP level 23. HP: 189/189 MP: 37/37
 75938 | Vaults:4 | Bought a pair of runed boots for 277 gold pieces
 76158 | D:15     | Found a staircase to the Depths.
 76177 | Depths:1 | Entered Level 1 of the Depths
 76367 | Depths:1 | Found a gateway to Hell.
 76400 | Depths:1 | Reached skill level 21 in Invocations
 76954 | Depths:1 | Found a runed translucent door.
 77706 | Depths:1 | Found a one-way gate to the infinite horrors of the Abyss.
 77809 | Depths:1 | Found a one-way gate leading to the halls of Pandemonium.
 79451 | Depths:2 | Noticed Aizul
 79475 | Depths:2 | Killed Aizul
 80200 | Depths:2 | Found the +10 morningstar "Eos" {elec, Halo rElec}
 80339 | Depths:2 | Reached XP level 24. HP: 168/197 MP: 37/37
 81196 | Depths:3 | Found Omemuot's General Store.
 81375 | Depths:3 | Bought a potion of heal wounds for 120 gold pieces
 81987 | Depths:3 | Found a large runed translucent door.
 81989 | Depths:3 | Found a large runed translucent door.
 81991 | Depths:3 | Noticed Ophixkez's ghost (veteran FoFi)
 82438 | Depths:3 | Found Sohocyun's Assorted Antiques.
 82448 | Depths:3 | Bought a potion of heal wounds for 165 gold pieces
 82448 | Depths:3 | Bought a scroll labelled ROMY JOAMIDU for 33 gold pieces
 85433 | Depths:3 | Identified the +11 hand crossbow "Beastslayer" {venom,
                  | *Corrode rC+ rN+}
 86061 | Depths:3 | Reached XP level 25. HP: 206/206 MP: 37/37
 87437 | Depths:4 | Found a gateway to a ziggurat.
 87841 | Depths:4 | Reached skill level 15 in Earth Magic
 88314 | Depths:4 | Reached skill level 22 in Invocations
 88455 | Depths:4 | Identified the +5 halberd "Coleteah" {venom, rN+ Dex+2}
 89049 | Depths:5 | Entered Level 5 of the Depths
 89936 | Depths:5 | Reached skill level 15 in Transmutations
 90105 | Depths:5 | Found a broken altar of Ashenzari.
 90678 | Depths:5 | Found a gate to the Realm of Zot.
 91843 | Shoals:4 | Reached XP level 26. HP: 215/215 MP: 38/38
 92274 | Shoals:4 | Identified the +1 quarterstaff of Extermination {spect, rF-
                  | rC++ Dex+2 SInv} (You found it on level 4 of the Shoals)
 92329 | Shoals:4 | Got a barnacled rune of Zot
 94013 | Elf:1    | Bought a twisted ring mail for 252 gold pieces
 94013 | Elf:1    | Identified the +2 ring mail of the Yeti {rC- rN+ Slay+2}
                  | (You bought it in a shop on level 1 of the Elven Halls)
 94213 | Vaults:1 | Bought a scroll of enchant armour for 97 gold pieces
 94213 | Vaults:1 | Bought a scroll of silence for 97 gold pieces
 94213 | Vaults:1 | Bought a scroll of vulnerability for 97 gold pieces
 94213 | Vaults:1 | Bought a scroll of vulnerability for 97 gold pieces
 94213 | Vaults:1 | Bought a scroll of silence for 97 gold pieces
 94297 | Vaults:2 | Bought a scroll of enchant weapon for 120 gold pieces
 94358 | Vaults:5 | Entered Level 5 of the Vaults
 94359 | Vaults:5 | Corrupted Vaults:5
 94806 | Vaults:5 | Identified the +1 rapier of Foul Odors {flame, rC+++ Str-3
                  | Int-2 Dex+5}
 95090 | Vaults:5 | Identified the Reference Book on Cloudy Shape Shifting
 95093 | Vaults:5 | Got a pair of steaming gloves
 95241 | Vaults:5 | Got a silver rune of Zot
 95769 | Vaults:5 | Identified the cursed +0 gold dragon scales "Fenwyatt"
                  | {+Fly rPois rF+ rC+ Str-3 Dex+9}
 95793 | Vaults:5 | Got a brightly glowing bronze ring
 95914 | Vaults:5 | Identified Inagatoj's Thorough Guide to Spellweaving
 95935 | Vaults:5 | Identified the ring of Bodily Harmony {Fire rN+ Stlth+}
                  | (You found it on level 5 of the Vaults)
 95939 | Vaults:5 | Identified the +1 pair of gloves of Zewnaifuse {+Blink rN+
                  | Str-2} (You found it on level 5 of the Vaults)
 95944 | Vaults:5 | Found the macabre finger necklace {rN+}
 96202 | Vaults:5 | Found the +3 crown of Dyrovepreva {rElec Int+2 SInv}
 96475 | Vaults:5 | Identified the cursed +1 ring mail of Tenacity {Str-5 Int+3
                  | Dex+2 Slay+2} (You found it on level 5 of the Vaults)
 96801 | Depths:5 | Voluntarily entered the Abyss.
 96885 | Depths:5 | Escaped the Abyss
 96887 | Depths:5 | Voluntarily entered the Abyss.
 96957 | Abyss:1  | Reached skill level 23 in Invocations
 96974 | Abyss:2  | Found a corrupted altar of Lugonu.
 96997 | Abyss:3  | Found a corrupted altar of Lugonu.
 96997 | Abyss:3  | Noticed an ancient lich
 97011 | Abyss:3  | Killed an ancient lich
 97043 | Abyss:3  | Reached XP level 27. HP: 165/212 MP: 38/38
 97086 | Abyss:3  | Got an abyssal rune of Zot
 97087 | Depths:5 | Escaped the Abyss
 97429 | Zot:1    | Entered Level 1 of the Realm of Zot
 97695 | Zot:1    | Found a transporter.
 98317 | Zot:1    | Noticed an ancient lich
 98567 | Zot:1    | Noticed an orb of fire
 98576 | Zot:1    | Gained mutation: You are frail. (-10% HP) [an orb of fire]
 98580 | Zot:1    | Gained mutation: You are clumsy. (Dex -2) [an orb of fire]
 98586 | Zot:1    | Gained mutation: You are very frail. (-20% HP) [an orb of
                  | fire]
 98591 | Zot:1    | Killed an orb of fire
 99011 | Zot:1    | Found a shimmering blue altar of Sif Muna.
 99011 | Zot:1    | Noticed an orb of fire
 99766 | Orc:2    | Bought an uncursed ring of resist corrosion for 240 gold
                  | pieces
100688 | Zot:1    | Reached skill level 24 in Invocations
102694 | Zot:3    | Noticed a Killer Klown
103919 | Zot:3    | Killed a Killer Klown
104619 | Zot:4    | Identified the +0 chain mail of Hirugis {rF- Will+ rCorr
                  | Str+3} (You found it on level 4 of the Realm of Zot)
105988 | Zot:4    | Reached skill level 15 in Dodging
105988 | Zot:4    | Reached skill level 25 in Invocations
107495 | Lair:3   | Killed Dikli's ghost
109772 | Depths:3 | Bought 2 potions of might for 264 gold pieces
110263 | Shoals:2 | Bought 2 potions of resistance for 280 gold pieces
110263 | Shoals:2 | Bought a potion of magic for 112 gold pieces
110263 | Shoals:2 | Bought a potion of might for 56 gold pieces
110263 | Shoals:2 | Bought a potion of magic for 112 gold pieces
110511 | Orc:1    | Bought a potion of brilliance for 60 gold pieces
110511 | Orc:1    | Bought a potion of magic for 120 gold pieces
110511 | Orc:1    | Bought a potion of flight for 45 gold pieces
110685 | Vaults:1 | Bought 2 potions of heal wounds for 1000 gold pieces
110848 | Vaults:3 | Bought a potion of magic for 88 gold pieces
110854 | Vaults:3 | Learned a level 5 spell: Borgnjor's Vile Clutch
111631 | Orc:1    | Bought a potion of mutation for 120 gold pieces
111948 | Shoals:2 | Bought a potion of mutation for 112 gold pieces
112433 | Zot:5    | Entered Level 5 of the Realm of Zot
112806 | Zot:5    | Noticed an orb of fire
112836 | Zot:5    | Noticed a Killer Klown
113606 | Zot:5    | Corrupted Zot:5
113612 | Zot:5    | Killed a Killer Klown
113642 | Zot:5    | Killed an orb of fire
115103 | Zot:5    | Noticed an orb of fire
115110 | Zot:5    | Noticed an ancient lich
115111 | Zot:5    | Noticed a Killer Klown
115114 | Zot:5    | Gained mutation: Armour fits poorly on your strangely
                  | shaped body. [an orb of fire]
115119 | Zot:5    | Killed a Killer Klown
115122 | Zot:5    | Killed an orb of fire
115127 | Zot:5    | Killed an ancient lich
115132 | Zot:5    | Noticed an ancient lich
115133 | Zot:5    | Noticed a Killer Klown
115146 | Zot:5    | Noticed a Killer Klown
115148 | Zot:5    | Noticed an orb of fire
115161 | Zot:5    | Gained mutation: You are extremely frail. (-30% HP) [an orb
                  | of fire]
115176 | Zot:5    | Killed from afar by an orb of fire

Illustrated notes

Levels and vault maps discovered:
D:1:      sevenhm_arrival_forest_fort_large_1, layout_loops_ring,
          serial_bayou_pond_e, solitary_fountain
D:2:      minmay_skewed_foursquare, layout_basic, grunt_dithmenos_smoke,
          uniq_jessica
D:3:      layout_basic, uniq_sigmund
D:4:      cheibrodos_barr_body, layout_cave_pools, minmay_temple_entry_fiery,
          serial_shops, shop, serial_column_ruins, column_ruins_hut,
          column_ruins_hut_ruined, column_ruins_open_tiny, column_ruins_grid_1,
          column_ruins_open_medium, column_ruins_open_small,
          column_ruins_corridor_dead_end, column_ruins_open_tiny,
          kennysheep_generic_room_2, uniq_pikel, uniq_robin
D:5:      gammafunk_cloud_chamber, layout_loops_ring, serial_shops, shop
D:6:      layout_layer_cave, kennysheep_mini, gammafunk_temple_overflow_statue,
          okawaru_gym_becter
D:7:      minmay_evil_eye, layout_cave_pods, nicolae_overflow_crystal_walls,
          serial_glass, glass_columns_a, glass_columns_a, uniq_menkaure
D:8:      wad_lake_hut, layout_loops_ring, david_lair_generic, serial_shops,
          nicolae_shop_stone, trog_hazing_becter
D:9:      layout_loops_corners
D:10:     layout_big_octagon, basic_altar, chequers_serial_rivers_large_a,
          uniq_fannar, uniq_nergalle
D:11:     layout_long_grid, bh_hangedman_babel_library
D:12:     layout_cave_pods, orc_0_dummy, uniq_josephine, uniq_kirke
D:13:     layout_loops_ring, serial_shops, shop_fountains
D:14:     layout_irregular_city, grunt_vaults_entry_fortified,
          dk_noncrumbling_4, uniq_roxanne, uniq_azrael
D:15:     grunt_enter_depths_snipers, layout_cave_pools,
          wad_floor_pattern_untrapped, chequers_serial_rivers_micro_d
Temple:   dpeg_five_rooms_temple
Lair:1:   layout_cave_pods, nicolae_lair_grove_arrangements,
          cheibrodos_lair_reptile_den
Lair:2:   layout_loops_ring
Lair:3:   layout_long_grid, minmay_shoals_entry_beasts, gammafunk_ghost_ooze,
          minmay_lair_oklob_chamber
Lair:4:   layout_layer_cave, dummy_spider_entry
Lair:5:   layout_cave_pods, minmay_slime_entry_pillars, grunt_megastairs_2
Lair:6:   grunt_lair_end_beastmaster, layout_loops_ring,
          eino_small_chamber_without_monster, chequers_serial_rivers_micro_b,
          uniq_sonja
Shoals:1: layout_shoals, uniq_jorgrun, uniq_frances
Shoals:2: layout_shoals, serial_shops, nicolae_shop_statue_plus
Shoals:3: layout_shoals, serial_shops, nicolae_shop_crystal,
          nicolae_shoals_flooded_hall, uniq_mara, uniq_nikola
Shoals:4: shoals_end_grunt_ice, layout_shoals,
          nicolae_shoals_arrival_archipelago
Spider:1: layout_spider_delve, uniq_donald
Spider:2: layout_chambers, drop_trap
Spider:3: layout_chambers, nicolae_spider_cling_ruins
Spider:4: floodkiller_spider_rune_tomb
Orc:1:    layout_caves, serial_shops, shop, nicolae_orc_rockfall
Orc:2:    st_orc_ogre_mass, layout_caves, serial_shops, shop, basic_altar
Elf:1:    elf_arrival_001, layout_loops_cross, serial_shops, shop,
          hangedman_elven_crosses_minicolossus, uniq_asterion
Elf:2:    layout_loops_cross, serial_shops, shop, minmay_shop_grove
Vaults:1: advil_vaults_ghost_lines, kennysheep_vaults_gozag_temple, v_misc_9,
          ontoclasm_vaults_ring_small, hangedman_vaults_trim, v_misc_14,
          ontoclasm_vaults_tryst, v_rooms_5, vaults_dpeg_encased_lava,
          vaults_dpeg_hooks, layout_vaults_quadrants, serial_shops,
          nicolae_shop_temple_entry_statues_fountains
Vaults:2: nicolae_vaults_big_angled_halls, v_misc_28,
          nicolae_vaults_little_squares_6, nicolae_vaults_arrows,
          vaults_room_fancy_cross, v_rooms_3, nicolae_vaults_angled_halls,
          v_misc_15, v_pattern_4, nicolae_vaults_alarming,
          ontoclasm_vaults_shuriken, hangedman_vaults_trim,
          layout_vaults_maze_snakey, serial_shops, nicolae_shop_trees
Vaults:3: ontoclasm_vaults_spin, nicolae_vaults_circle_grid_a,
          nicolae_vaults_asterisk, nicolae_vaults_branching_niches,
          nicolae_vaults_disjoint_gnomons, nicolae_vaults_little_squares_3,
          minmay_crypt_entry_vampire_xt, ontoclasm_vaults_twist, v_misc_9,
          nicolae_vaults_network_quinsquares
          [nicolae_vaults_network_quincunx_subvault,
          nicolae_vaults_network_quincunx_subvault,
          nicolae_vaults_network_quincunx_subvault,
          nicolae_vaults_network_quincunx_subvault], vaults_mumra_minichess,
          nicolae_vaults_rhombus_5, nicolae_vaults_three_branches,
          nicolae_vaults_theta, layout_vaults_omnibox, serial_shops,
          shop_fountains, shop, shop, nicolae_shop_behind_doors, shop
Vaults:4: hangedman_vaults_variations, vaults_room_pool, st_star, v_misc_18,
          vaults_room_door_hall, v_alt_pattern_3, v_misc_10,
          nicolae_vaults_gold_heap, layout_vaults_chaotic_city, serial_shops,
          shop, shop
Vaults:5: serial_shops
Depths:1: layout_gridlike, rand_demon_pan_entry_4, serial_bayou_pond_c,
          hellmouth_3, abyss_entry, minmay_crystal_box
Depths:2: minmay_the_grid_triangle_9x9_recursive_2
          [minmay_the_grid_triangle_9x9_prize_top_heavy,
          minmay_the_grid_triangle_9x9_negative_grid,
          minmay_the_grid_triangle_9x9_windchime,
          minmay_the_grid_triangle_9x9_wacky_v], layout_honeycomb,
          hangedman_tar_grid_catacomb, serial_sigils,
          serial_sigils_hangedman_gnaw, serial_sigils_hangedman_quiver,
          serial_sigils_hangedman_confine, serial_sigils_hangedman_writhe,
          serial_sigils_hangedman_snap, pan_entry, minmay_misc_feat_pillars,
          uniq_aizul
Depths:3: nzn_winding_woodlands_huge [nzn_winding_woodlands_5x15_garden,
          nzn_winding_woodlands_5x15_pathside_ponds,
          nzn_winding_woodlands_5x15_zeroes,
          nzn_winding_woodlands_5x15_sidewinder,
          nzn_winding_woodlands_5x15_parted, nzn_winding_woodlands_5x15_pockets,
          nzn_winding_woodlands_5x15_concentric,
          nzn_winding_woodlands_5x15_jagged,
          nzn_winding_woodlands_5x15_sawtooth,
          nzn_winding_woodlands_5x15_crooked,
          nzn_winding_woodlands_center_triple_pond,
          nzn_winding_woodlands_center_garden,
          nzn_winding_woodlands_15x15_boxy_spiral], layout_gridlike,
          ebering_ghost_disaster_area, pf_hell_entry_great_geh, serial_shops,
          nicolae_shop_window_shopping, nicolae_shop_stone,
          rand_demon_pan_entry_9, infiniplex_staircase_zigzag_1
Depths:4: evilmike_diamond_2, layout_cave_pools, enter_ziggurat_d,
          pf_coc_iceberg, abyss_entry_crystal, grunt_decor_junction,
          minmay_staircase_windowed_large
Depths:5: grunt_x_marks_the_spot, layout_basic, hellmouth_1, abyss_entry,
          evilmike_ruin_ashenzari, kilobyte_mutagenic_chamber
Zot:1:    gammafunk_sealed_library, layout_cathedral_of_symmetry, st_stairs_11
Zot:2:    layout_twisted_circle, amethyst_zot_foddershock
Zot:3:    layout_onion_interference
Zot:4:    layout_basic, grunt_megastairs_3
Zot:5:    layout_onion, st_stairs_13

Skill      XL: |  1  2  3  4  5  6  7  8  9 10 11 12 13 14 15 16 17 18 19 20 21 22 23 24 25 26 27 |
---------------+----------------------------------------------------------------------------------+-----
Maces & Flails | 3 5 6 |  6.2
Invocations    | 3 4 5 6 8 9 11 12 13 15 17 18 19 20 21 22 23 25 | 25.8
Fighting       | 4 5 6 7 9 10 11 12 13 14 15 16 17 18 19 20 22 | 22.8
Staves         | 4 6 9 11 12 13 | 13.5
Dodging        | 3 5 7 8 9 10 11 12 16 | 16.1
Armour         | 4 7 8 9 11 12 13 15 16 17 | 17.0
Shields        | 2 6 10 11 12 14 15 | 15.0
Earth Magic    | 5 8 9 11 13 14 16 17 | 17.0
Transmutations | 5 7 8 10 12 13 15 17 | 17.0
Translocations | 2 4 |  4.0

Action                   |  1- 3 |  4- 6 |  7- 9 | 10-12 | 13-15 | 16-18 | 19-21 | 22-24 | 25-27 || total
-------------------------+-------+-------+-------+-------+-------+-------+-------+-------+-------++-------
Melee: Mace              |    53 |   154 |       |       |       |       |       |       |       ||   207
       Whip              |       |       |   575 |    33 |       |       |       |       |       ||   608
       Lajatang          |       |       |       |   642 |  1207 |  1474 |  1803 |  1924 |  2038 ||  9088
 Cast: Apportation       |       |       |       |       |       |       |     1 |       |       ||     1
       Statue Form       |       |       |       |       |       |       |       |       |    99 ||    99
Invok: Depart the Abyss  |     1 |       |       |       |     1 |       |       |       |     1 ||     3
       Bend Space        |       |       |     1 |       |       |       |       |       |     3 ||     4
       Banish            |       |       |       |     4 |     9 |    29 |     4 |     7 |    24 ||    77
       Brand Weapon With |       |       |       |       |       |     1 |       |       |       ||     1
       Corrupt           |       |       |       |       |       |     1 |     1 |       |     2 ||     4
 Abil: Dig               |       |     2 |     2 |    23 |    33 |    27 |    16 |    19 |    53 ||   175
       End Transformatio |       |       |       |       |       |       |       |       |     1 ||     1
Evoke: Wand              |       |       |       |       |       |     1 |       |       |       ||     1
       Phantom mirror    |       |       |       |       |       |       |       |       |     1 ||     1
  Use: Scroll            |       |     3 |     1 |    22 |     8 |    10 |     5 |     6 |    31 ||    86
       Potion            |       |     1 |     5 |       |     2 |     7 |       |       |    15 ||    30
 Stab: Distracted        |       |       |       |       |     1 |       |       |     3 |       ||     4
       Petrified         |       |       |       |       |     2 |       |       |       |       ||     2
       Paralysed         |       |       |       |       |       |       |       |       |     2 ||     2
Armor: Leather armour    |    23 |    10 |       |       |       |       |       |       |       ||    33
       Ring mail         |       |    49 |    31 |       |       |       |       |       |       ||    80
       Chain mail        |       |       |   183 |       |    90 |   507 |   335 |   315 |    22 ||  1452
       Plate armour      |       |       |     5 |   400 |   455 |       |       |       |       ||   860
       Skin              |       |       |     3 |       |    14 |       |       |       |   507 ||   524
       Scale mail        |       |       |       |       |       |       |       |       |   104 ||   104
Dodge: Dodged            |    38 |    72 |   155 |   178 |   312 |   288 |   311 |   299 |   826 ||  2479
Block: Other             |       |       |       |       |   133 |       |       |       |       ||   133
       Reflection        |       |       |       |       |     8 |   103 |   163 |   105 |    90 ||   469
       Buckler           |       |       |       |       |    73 |    59 |       |       |       ||   132
       Tower shield      |       |       |       |       |       |  1583 |  1919 |  1871 |  3091 ||  8464
